TOP OF THE 1ST |
Washington (APP) Nationals batting - Pitching for Ogden Raptors : RHP Chris Hodge
|
Pitching: RHP Chris Hodge
|
|
Batting: RHB Leo Gutierrez
|
0-0: Fly out, F9 (Flyball, 9, EV 84.4 MPH)
|
Batting: RHB Bobby Bricker
|
0-0: Ball 1-0: Called Strike 1-1: Ball 2-1: Ball 3-1: Swinging Strike 3-2: Fly out, F8 (Flyball, 8LM, EV 93.8 MPH)
|
Batting: LHB Vince McLane
|
0-0: SOLO HOME RUN (Flyball, 9LD, EV 96.9 MPH), Distance : 341 ft
|
Batting: RHB Antonio Vallez
|
0-0: Called Strike 0-1: Swinging Strike 0-2: Strikes out swinging
|
Top of the 1st over - 1 run, 1 hit, 0 errors, 0 left on base; Washington (APP) 1 - Ogden 0 |
BOTTOM OF THE 1ST |
Ogden Raptors batting - Pitching for Washington (APP) Nationals : RHP Matt Seivert
|
Pitching: RHP Matt Seivert
|
|
Batting: RHB Djoka Subasic
|
0-0: Ball 1-0: Ball 2-0: Ground out 6-3 (Groundball, 6MS, EV 90.6 MPH)
|
Batting: RHB John Hanson
|
0-0: Ball 1-0: Called Strike 1-1: Hit by Pitch
|
Batting: LHB Chris Buchan
|
0-0: Ball 1-0: Ball 2-0: Foul Ball, location: 2F 2-1: Ball Wild Pitch! John Hanson to second 3-1: Called Strike 3-2: Ground out 4-3 (Groundball, 34, EV 88.1 MPH) John Hanson to third
|
Batting: SHB Ramon Luna
|
0-0: Swinging Strike 0-1: Swinging Strike 0-2: Strikes out looking
|
Bottom of the 1st over - 0 runs, 0 hits, 0 errors, 1 left on base; Washington (APP) 1 - Ogden 0 |
TOP OF THE 2ND |
Washington (APP) Nationals batting - Pitching for Ogden Raptors : RHP Chris Hodge
|
Batting: RHB Chad Madsen
|
0-0: Ball 1-0: Ball 2-0: Ball 3-0: Base on Balls
|
Batting: RHB Lamar Thornton
|
0-0: Ball 1-0: Called Strike 1-1: SINGLE (Groundball, 4MD, EV 103.8 MPH) Chad Madsen to second Throwing error, E8 Chad Madsen scores Lamar Thornton to second
|
Pitching: RHP Jeff Lewis
|
|
Batting: RHB Steve Kunselman
|
0-0: Called Strike 0-1: Ball 1-1: Ball 2-1: Ball 3-1: Base on Balls
|
Batting: RHB Jelexiz Cuenca
|
0-0: Called Strike 0-1: Ball 1-1: Foul Ball, location: 2F 1-2: Strikes out swinging
|
Batting: RHB Jason Ewert
|
0-0: Called Strike 0-1: Ball 1-1: Ball 2-1: Ball 3-1: Called Strike 3-2: Strikes out swinging
|
Batting: RHB Leo Gutierrez
|
0-0: SINGLE (Groundball, 4MS, EV 60.6 MPH) (infield hit) Lamar Thornton to third Steve Kunselman to second
|
Batting: RHB Bobby Bricker
|
0-0: Ball 1-0: Ball 2-0: Foul Ball, location: 2F 2-1: Ball Passed Ball! Lamar Thornton scores Steve Kunselman to third Leo Gutierrez to second 3-1: Foul Ball, location: 2F 3-2: Base on Balls
|
Pitching: RHP Kevin Fleming
|
|
Batting: LHB Vince McLane
|
0-0: Called Strike 0-1: Ball 1-1: Foul Ball, location: 2F 1-2: Ball 2-2: Ground out 4-3 (Groundball, 4, EV 107.5 MPH)
|
Top of the 2nd over - 2 runs, 2 hits, 1 error, 3 left on base; Washington (APP) 3 - Ogden 0 |
BOTTOM OF THE 2ND |
Ogden Raptors batting - Pitching for Washington (APP) Nationals : RHP Matt Seivert
|
Batting: LHB Jordan Amaker
|
0-0: Called Strike 0-1: Ball 1-1: Ball 2-1: Ball 3-1: Foul Ball, location: 2F 3-2: Strikes out swinging
|
Batting: LHB Bryan Rouse
|
0-0: Ball 1-0: Ball 2-0: Called Strike 2-1: Fly out, F6 (Popup, 6M, EV 49.4 MPH)
|
Batting: RHB Alfredo Sanchez
|
0-0: Called Strike 0-1: Ball 1-1: Fly out, F7 (Flyball, 78D, EV 91.9 MPH)
|
Bottom of the 2nd over - 0 runs, 0 hits, 0 errors, 0 left on base; Washington (APP) 3 - Ogden 0 |
TOP OF THE 3RD |
Washington (APP) Nationals batting - Pitching for Ogden Raptors : RHP Kevin Fleming
|
Batting: RHB Antonio Vallez
|
0-0: Ball 1-0: Foul Ball, location: 2F 1-1: Ball 2-1: Called Strike 2-2: Ball 3-2: Base on Balls
|
Batting: RHB Chad Madsen
|
0-0: Ball 1-0: Called Strike 1-1: Ball 2-1: SINGLE (Line Drive, 4MD, EV 95.0 MPH) Antonio Vallez to second
|
Batting: RHB Lamar Thornton
|
0-0: Ball 1-0: Ball 2-0: Called Strike 2-1: Ball 3-1: Base on Balls Antonio Vallez to third Chad Madsen to second
|
Batting: RHB Steve Kunselman
|
0-0: Ball 1-0: Foul Ball, location: 2F 1-1: Called Strike 1-2: DOUBLE (Flyball, 78D, EV 102.5 MPH) Antonio Vallez scores Chad Madsen scores Lamar Thornton to third
|
Batting: RHB Jelexiz Cuenca
|
0-0: Ball 1-0: SINGLE (Line Drive, 4M, EV 109.4 MPH) Lamar Thornton scores Steve Kunselman to third
|
Batting: RHB Jason Ewert
|
0-0: Foul Ball, location: 2F 0-1: Foul Ball, location: 2F 0-2: Ball 1-2: Foul Ball, location: 2F 1-2: Foul Ball, location: 2F 1-2: Ball 2-2: Reached on error, E6 (Groundball, 6, EV 99.4 MPH) Steve Kunselman scores Jelexiz Cuenca to second
|
Batting: RHB Leo Gutierrez
|
0-0: Ball 1-0: Foul Ball, location: 2F 1-1: SINGLE (Groundball, 34D, EV 100.6 MPH) Jelexiz Cuenca to third Jason Ewert to second
|
Batting: RHB Bobby Bricker
|
0-0: Ball 1-0: Foul Ball, location: 2F 1-1: Foul Ball, location: 2F 1-2: Foul Ball, location: 2F 1-2: Ball 2-2: Foul Ball, location: 2F 2-2: Ball 3-2: Base on Balls Jelexiz Cuenca scores Jason Ewert to third Leo Gutierrez to second
|
Batting: LHB Vince McLane
|
0-0: Ball 1-0: Ball 2-0: Ball 3-0: Base on Balls Jason Ewert scores Leo Gutierrez to third Bobby Bricker to second
|
Batting: RHB Antonio Vallez
|
0-0: Ball Wild Pitch! Leo Gutierrez scores Bobby Bricker to third Vince McLane to second 1-0: Ball 2-0: Ball 3-0: Base on Balls
|
Pitching: RHP Gary Salazar
|
|
Batting: RHB Chad Madsen
|
0-0: Called Strike 0-1: Ball 1-1: DOUBLE (Line Drive, 78D, EV 109.4 MPH) Bobby Bricker scores Vince McLane scores Antonio Vallez to third
|
Batting: RHB Lamar Thornton
|
0-0: Foul Ball, location: 2F 0-1: Ball 1-1: Ball 2-1: SINGLE (Line Drive, 9LS, EV 100.6 MPH) Antonio Vallez scores Chad Madsen to third
|
Batting: RHB Steve Kunselman
|
0-0: Swinging Strike 0-1: Ball 1-1: Called Strike 1-2: Ball 2-2: Ball 3-2: Foul Ball, location: 2F 3-2: Fielders Choice at 2nd, 5-4 (Groundball, 56, EV 90.0 MPH) Chad Madsen scores
|
Batting: RHB Jelexiz Cuenca
|
0-0: Ball 1-0: Ball 2-0: Fly out, F8 (Flyball, 89M, EV 80.0 MPH)
|
Batting: RHB Jason Ewert
|
0-0: Ball 1-0: Ball 2-0: Called Strike 2-1: Single, Error in OF, E8, batter to second base (Groundball, 6MD, EV 108.1 MPH) Steve Kunselman to third
|
Batting: RHB Leo Gutierrez
|
0-0: Reached on error, E4 (Groundball, 4, EV 105.0 MPH) Steve Kunselman scores Jason Ewert to third
|
Batting: RHB Bobby Bricker
|
0-0: Fly out, F8 (Flyball, 8LXD, EV 99.4 MPH)
|
Top of the 3rd over - 12 runs, 7 hits, 3 errors, 2 left on base; Washington (APP) 15 - Ogden 0 |
BOTTOM OF THE 3RD |
Ogden Raptors batting - Pitching for Washington (APP) Nationals : RHP Matt Seivert
|
Batting: RHB Victor Delgado
|
0-0: Ball 1-0: Swinging Strike 1-1: Ball 2-1: Called Strike 2-2: Strikes out swinging
|
Batting: RHB Todd Cox
|
0-0: Called Strike 0-1: Foul Ball, location: 2F 0-2: Ball 1-2: Strikes out looking
|
Batting: RHB Djoka Subasic
|
0-0: Ball 1-0: Ground out 1-3 (Groundball, 15S, EV 67.5 MPH)
|
Bottom of the 3rd over - 0 runs, 0 hits, 0 errors, 0 left on base; Washington (APP) 15 - Ogden 0 |
TOP OF THE 4TH |
Washington (APP) Nationals batting - Pitching for Ogden Raptors : RHP Gary Salazar
|
Batting: LHB Vince McLane
|
0-0: Foul Ball, location: 2F 0-1: SINGLE (Groundball, 4MD, EV 98.1 MPH)
|
Batting: RHB Antonio Vallez
|
0-0: Ball 1-0: Called Strike 1-1: Foul Ball, location: 2F 1-2: Fly out, F6 (Popup, P, EV 80.6 MPH)
|
Batting: RHB Chad Madsen
|
0-0: Ball 1-0: Ball 2-0: Fielders Choice at 2nd, 6-4 (Groundball, 6, EV 106.9 MPH)
|
Batting: RHB Lamar Thornton
|
0-0: SINGLE (Groundball, 56D, EV 101.9 MPH) Chad Madsen to second
|
Batting: RHB Steve Kunselman
|
0-0: Ball 1-0: Ball 2-0: Ball 3-0: Called Strike 3-1: Base on Balls Chad Madsen to third Lamar Thornton to second
|
Batting: RHB Jelexiz Cuenca
|
0-0: Reached on error, E4 (Groundball, 4, EV 83.1 MPH) Chad Madsen scores Lamar Thornton to third Steve Kunselman to second
|
Batting: RHB Jason Ewert
|
0-0: Ball 1-0: Fielders Choice at 2nd, 6-4 (Groundball, 6, EV 105.6 MPH)
|
Top of the 4th over - 1 run, 2 hits, 1 error, 3 left on base; Washington (APP) 16 - Ogden 0 |
BOTTOM OF THE 4TH |
Ogden Raptors batting - Pitching for Washington (APP) Nationals : RHP Matt Seivert
|
Batting: RHB John Hanson
|
0-0: Called Strike 0-1: Foul Ball, location: 2F 0-2: Strikes out looking
|
Batting: LHB Chris Buchan
|
0-0: Swinging Strike 0-1: Ball 1-1: Called Strike 1-2: Strikes out looking
|
Batting: SHB Ramon Luna
|
0-0: Called Strike 0-1: Called Strike 0-2: Strikes out swinging
|
Bottom of the 4th over - 0 runs, 0 hits, 0 errors, 0 left on base; Washington (APP) 16 - Ogden 0 |
TOP OF THE 5TH |
Washington (APP) Nationals batting - Pitching for Ogden Raptors : RHP Gary Salazar
|
Batting: RHB Leo Gutierrez
|
0-0: Ball 1-0: Ball 2-0: Called Strike 2-1: Foul Ball, location: 2F 2-2: Foul Ball, location: 2F 2-2: Ball 3-2: Foul Ball, location: 2F 3-2: Foul Ball, location: 2F 3-2: Strikes out swinging
|
Batting: RHB Bobby Bricker
|
0-0: Called Strike 0-1: Swinging Strike 0-2: Ball 1-2: Ball 2-2: Foul Ball, location: 2F 2-2: Ball 3-2: Base on Balls
|
Batting: LHB Vince McLane
|
0-0: Foul Ball, location: 2F 0-1: 2-RUN HOME RUN (Line Drive, 9D, EV 109.4 MPH), Distance : 390 ft
|
Batting: RHB Antonio Vallez
|
0-0: SINGLE (Groundball, 34D, EV 106.2 MPH)
|
Batting: RHB Chad Madsen
|
0-0: Ball 1-0: Called Strike 1-1: Ball 2-1: Foul Ball, location: 2F 2-2: Strikes out swinging
|
Batting: RHB Lamar Thornton
|
0-0: Hit by Pitch Antonio Vallez to second
|
Batting: RHB Steve Kunselman
|
0-0: Ball 1-0: Fielders Choice at 2nd, 5-4 (Groundball, 5L, EV 82.5 MPH)
|
Top of the 5th over - 2 runs, 2 hits, 0 errors, 2 left on base; Washington (APP) 18 - Ogden 0 |
BOTTOM OF THE 5TH |
Ogden Raptors batting - Pitching for Washington (APP) Nationals : RHP Matt Seivert
|
Batting: LHB Jordan Amaker
|
0-0: Foul Ball, location: 2F 0-1: Foul Ball, location: 2F 0-2: Strikes out looking
|
Batting: LHB Bryan Rouse
|
0-0: Ball 1-0: SINGLE (Flyball, 3D, EV 94.4 MPH)
|
Batting: RHB Alfredo Sanchez
|
0-0: Ball 1-0: Ball 2-0: DOUBLE (Line Drive, 7LM, EV 113.1 MPH) Bryan Rouse to third
|
Batting: RHB Victor Delgado
|
0-0: Ball 1-0: Foul Ball, location: 2F 1-1: Called Strike 1-2: Ball 2-2: Foul Ball, location: 2F 2-2: Ball 3-2: Strikes out swinging
|
Batting: RHB Todd Cox
|
0-0: SINGLE (Groundball, 6MS, EV 78.8 MPH) (infield hit) Bryan Rouse scores Alfredo Sanchez to third
|
Batting: RHB Djoka Subasic
|
0-0: Called Strike 0-1: Ball 1-1: Foul Ball, location: 2F 1-2: Strikes out looking
|
Bottom of the 5th over - 1 run, 3 hits, 0 errors, 2 left on base; Washington (APP) 18 - Ogden 1 |
TOP OF THE 6TH |
Washington (APP) Nationals batting - Pitching for Ogden Raptors : RHP Gary Salazar
|
Batting: RHB Jelexiz Cuenca
|
0-0: Ball 1-0: Ball 2-0: Ball 3-0: Base on Balls
|
Batting: RHB Jason Ewert
|
0-0: Foul Ball, location: 2F 0-1: Foul Ball, location: 2F 0-2: Strikes out looking
|
Batting: RHB Leo Gutierrez
|
0-0: Swinging Strike 0-1: Ball 1-1: SINGLE (Groundball, 34D, EV 95.6 MPH) Jelexiz Cuenca to second
|
Batting: RHB Bobby Bricker
|
0-0: Ball 1-0: Called Strike 1-1: Ball 2-1: Ball 3-1: Base on Balls Jelexiz Cuenca to third Leo Gutierrez to second
|
Batting: LHB Vince McLane
|
0-0: Ball 1-0: SINGLE (Groundball, 34D, EV 107.5 MPH) Jelexiz Cuenca scores Leo Gutierrez to third Bobby Bricker to second Runner from 3rd tries for Home, SAFE, throw by RF to home
|
Batting: RHB Antonio Vallez
|
0-0: Called Strike 0-1: Ball 1-1: Called Strike 1-2: Ball 2-2: Ball 3-2: Base on Balls Bobby Bricker to third Vince McLane to second
|
Batting: RHB Chad Madsen
|
0-0: Called Strike 0-1: Called Strike 0-2: Fly out, F9 (Flyball, 89M, EV 83.8 MPH) Runner from 3rd tags up, SCORES, throw by RF
|
Batting: RHB Lamar Thornton
|
0-0: Swinging Strike 0-1: Ground out 4-3 (Groundball, 4, EV 107.5 MPH)
|
Top of the 6th over - 3 runs, 2 hits, 0 errors, 2 left on base; Washington (APP) 21 - Ogden 1 |
BOTTOM OF THE 6TH |
Ogden Raptors batting - Pitching for Washington (APP) Nationals : RHP Matt Seivert
|
Batting: RHB John Hanson
|
0-0: Called Strike 0-1: Ball 1-1: Foul Ball, location: 2F 1-2: Strikes out swinging
|
Batting: LHB Chris Buchan
|
0-0: Called Strike 0-1: SOLO HOME RUN (Flyball, 9LD, EV 99.4 MPH), Distance : 376 ft
|
Batting: SHB Ramon Luna
|
0-0: SINGLE (Groundball, 4MD, EV 96.9 MPH)
|
Batting: LHB Jordan Amaker
|
0-0: Called Strike 0-1: Foul Ball, location: 2F 0-2: Strikes out swinging
|
Batting: LHB Bryan Rouse
|
0-0: Ball 1-0: Swinging Strike 1-1: Ball 2-1: Swinging Strike 2-2: Foul Ball, location: 2F 2-2: Foul Ball, location: 2F 2-2: Ball 3-2: Strikes out swinging
|
Bottom of the 6th over - 1 run, 2 hits, 0 errors, 1 left on base; Washington (APP) 21 - Ogden 2 |
TOP OF THE 7TH |
Washington (APP) Nationals batting - Pitching for Ogden Raptors : RHP Gary Salazar
|
Batting: RHB Steve Kunselman
|
0-0: Foul Ball, location: 2F 0-1: Swinging Strike 0-2: Strikes out swinging
|
Batting: RHB Jelexiz Cuenca
|
0-0: Foul Ball, location: 2F 0-1: Ball 1-1: Ball 2-1: Ground out 5-3 (Groundball, 56, EV 79.4 MPH)
|
Batting: RHB Jason Ewert
|
0-0: Ball 1-0: Called Strike 1-1: Swinging Strike 1-2: Foul Ball, location: 2F 1-2: Strikes out swinging, 2-3 out at first.
|
Top of the 7th over - 0 runs, 0 hits, 0 errors, 0 left on base; Washington (APP) 21 - Ogden 2 |
BOTTOM OF THE 7TH |
Ogden Raptors batting - Pitching for Washington (APP) Nationals : RHP Matt Seivert
|
Pitching: RHP Nate Vandergriff
|
|
Batting: RHB Alfredo Sanchez
|
0-0: Ball 1-0: Swinging Strike 1-1: Called Strike 1-2: SINGLE (Groundball, 56D, EV 98.8 MPH)
|
Batting: RHB Victor Delgado
|
0-0: Bunted foul 0-1: Ball 1-1: Bunted foul 1-2: Bunt missed, Strikeout!
|
Batting: RHB Todd Cox
|
0-0: Sac Bunt to 25 - play at first, batter OUT! 5-3 Alfredo Sanchez to second
|
Batting: RHB Djoka Subasic
|
0-0: Ground out 5-3 (Groundball, 56S, EV 83.1 MPH)
|
Bottom of the 7th over - 0 runs, 1 hit, 0 errors, 1 left on base; Washington (APP) 21 - Ogden 2 |
TOP OF THE 8TH |
Washington (APP) Nationals batting - Pitching for Ogden Raptors : RHP Gary Salazar
|
Batting: RHB Leo Gutierrez
|
0-0: Called Strike 0-1: Ground out 6-3 (Groundball, 56D, EV 88.1 MPH)
|
Batting: RHB Bobby Bricker
|
0-0: Called Strike 0-1: Ground out 5-3 (Groundball, 5, EV 108.1 MPH)
|
Batting: LHB Vince McLane
|
0-0: Ball 1-0: Ball 2-0: SINGLE (Groundball, 56D, EV 96.9 MPH)
|
Batting: RHB Antonio Vallez
|
0-0: Called Strike 0-1: Fly out, F3 (Line Drive, 3, EV 73.8 MPH)
|
Top of the 8th over - 0 runs, 1 hit, 0 errors, 1 left on base; Washington (APP) 21 - Ogden 2 |
BOTTOM OF THE 8TH |
Ogden Raptors batting - Pitching for Washington (APP) Nationals : RHP Nate Vandergriff
|
Batting: RHB John Hanson
|
0-0: Ball 1-0: Called Strike 1-1: Ball 2-1: Swinging Strike 2-2: Foul Ball, location: 2F 2-2: Strikes out swinging
|
Batting: LHB Chris Buchan
|
0-0: Swinging Strike 0-1: DOUBLE (Flyball, 8RXD, EV 105.6 MPH)
|
Batting: SHB Ramon Luna
|
0-0: Called Strike 0-1: Ball Wild Pitch! Chris Buchan to third 1-1: Swinging Strike 1-2: Foul Ball, location: 2F 1-2: Strikes out swinging
|
Pitching: RHP Cheng-ho Tai
|
|
Batting: LHB Jordan Amaker
|
0-0: Called Strike 0-1: Reached on error, E4 (Groundball, 4, EV 83.8 MPH) Chris Buchan scores
|
Batting: LHB Bryan Rouse
|
0-0: Ball 1-0: Ball 2-0: Called Strike 2-1: Swinging Strike 2-2: Strikes out swinging
|
Bottom of the 8th over - 1 run, 1 hit, 1 error, 1 left on base; Washington (APP) 21 - Ogden 3 |
TOP OF THE 9TH |
Washington (APP) Nationals batting - Pitching for Ogden Raptors : RHP Gary Salazar
|
Batting: RHB Chad Madsen
|
0-0: Ball 1-0: SINGLE (Groundball, 6D, EV 96.9 MPH)
|
Batting: RHB Lamar Thornton
|
0-0: SINGLE (Flyball, 5D, EV 93.1 MPH) Chad Madsen to second
|
Batting: RHB Steve Kunselman
|
0-0: Grounds into double play, 6-4-3 (Groundball, 56, EV 83.8 MPH) Chad Madsen to third
|
Batting: RHB Jelexiz Cuenca
|
0-0: Ball 1-0: Fly out, F4 (Flyball, 34D, EV 80.0 MPH)
|
Top of the 9th over - 0 runs, 2 hits, 0 errors, 1 left on base; Washington (APP) 21 - Ogden 3 |
BOTTOM OF THE 9TH |
Ogden Raptors batting - Pitching for Washington (APP) Nationals : RHP Cheng-ho Tai
|
Batting: RHB Alfredo Sanchez
|
0-0: Foul Ball, location: 2F 0-1: Ball 1-1: SINGLE (Groundball, 6, EV 105.0 MPH)
|
Batting: RHB Victor Delgado
|
0-0: Ball 1-0: Ball 2-0: Called Strike 2-1: Foul Ball, location: 2F 2-2: Strikes out swinging
|
Batting: RHB Todd Cox
|
0-0: Ball 1-0: Foul Ball, location: 2F 1-1: Ball 2-1: SINGLE (Line Drive, 4M, EV 97.5 MPH) Alfredo Sanchez to second
|
Batting: RHB Djoka Subasic
|
0-0: Ball 1-0: Ball 2-0: Foul Ball, location: 2F 2-1: Foul Ball, location: 2F 2-2: Hit by Pitch Alfredo Sanchez to third Todd Cox to second
|
Pitching: LHP Gregg Huddleston
|
|
Batting: RHB John Hanson
|
0-0: Called Strike 0-1: Swinging Strike 0-2: Strikes out swinging
|
Batting: LHB Chris Buchan
|
0-0: Called Strike 0-1: Swinging Strike 0-2: Foul Ball, location: 2F 0-2: Strikes out swinging
|
Bottom of the 9th over - 0 runs, 2 hits, 0 errors, 3 left on base; Washington (APP) 21 - Ogden 3 |
|